AoeStats
← Reis

Arena

507553970Analyzed
4v4 RM · 14d ago on Sep 18, 2026· 62m 18s· 8 players
Game mode
Random Map
Map size
Large (8 player)
Population
200
Speed
Normal
Resources
Standard
Victory
Conquest
Starting age
Dark Age
Ending age
Imperial Age
RankedLock teamsTeams togetherTeam positionsShared explorationLock speedFull tech treeHidden civsTurbo modeCheats
Victory
Defeat
🇹🇷 Cumans · Türkiye
1353
+16
🇫🇷 Franks · France
1315
+17
🇹🇷 Turks · Türkiye
1304
+18
🇹🇷 Poles · Türkiye
1290
+18
🇫🇷 Portuguese · France
1374
-18
🇨🇭 Bulgarians · Switzerland
1357
-18
🇨🇱 Mongols · Chile
1352
-18
1282
-15
差不多先生
10:56 Feudal Age
14:35 Castle Age
12:27 Double-Bit Axe
17:38 Wheelbarrow
22:31 Hand Cart
24:00 Bow Saw
27:58 Imperial Age
26:10 Scale Barding Armor
26:16 Forging
27:14 Chain Barding Armor
28:17 Husbandry
28:56 Iron Casting
28:03 Cavalier
29:32 Plate Barding Armor
31:14 Blast Furnace
31:03 Fletching
32:16 Chemistry
31:36 Ballistics
32:26 Bodkin Arrow
33:03 Coinage
32:18 Paladin
34:53 Conscription
37:14 Herbal Medicine
38:07 Murder Holes
38:17 Siege Engineers
41:39 Banking
55:45 Caravan
57:22 Loom
57:23 Town Watch
Kaii
5:31 Loom
8:35 Feudal Age
13:42 Double-Bit Axe
15:29 Horse Collar
18:44 Wheelbarrow
19:22 Town Watch
24:42 Castle Age
23:36 Gold Mining
32:51 Imperial Age
32:06 Fletching
36:31 Imperial Age
39:32 Imperial Age
56:07 Elite Skirmisher
57:32 Hand Cart
58:29 Chemistry
57:42 Bodkin Arrow
57:47 Padded Archer Armor
58:38 Ballistics
58:56 Thumb Ring
59:53 Leather Archer Armor
59:41 Squires
59:26 Arson
61:27 Ring Archer Armor
60:22 Pikeman
62:06 Halberdier
JUST A TURK
12:23 Feudal Age
13:59 Loom
16:42 Castle Age
20:50 Imperial Age
21:34 Double-Bit Axe
37:00 Horse Collar
37:26 Town Watch
38:19 Padded Archer Armor
41:35 Leather Archer Armor
42:28 Ballistics
43:27 Wheelbarrow
45:08 Bow Saw
44:59 Heavy Plow
44:51 Gold Mining
44:53 Stone Mining
45:43 Bombard Tower
47:42 Ring Archer Armor
46:55 Treadmill Crane
48:31 Fletching
49:21 Hand Cart
49:07 Town Patrol
50:13 Thumb Ring
51:18 Gold Shaft Mining
51:44 Two-Man Saw
51:03 Bodkin Arrow
54:09 Bracer
54:50 Bloodlines
54:42 Husbandry
54:48 Scale Barding Armor
54:55 Forging
55:29 Conscription
56:16 Chain Barding Armor
56:32 Iron Casting
57:23 Caravan
57:34 Guilds
59:42 Plate Barding Armor
60:20 Blast Furnace
CatyKat
9:04 Loom
11:04 Feudal Age
15:53 Castle Age
13:53 Double-Bit Axe
14:01 Horse Collar
19:30 Bow Saw
19:55 Gold Mining
23:35 Stone Mining
26:54 Forging
26:50 Scale Barding Armor
27:23 Light Cavalry
28:49 Heavy Plow
29:35 Iron Casting
29:20 Chain Barding Armor
32:23 Wheelbarrow
34:29 Imperial Age
32:37 Chain Barding Armor
32:34 Bloodlines
32:24 Husbandry
33:40 Szlachta Privileges
33:52 Loom
34:23 Hand Cart
34:55 Winged Hussar
34:55 Cavalier
36:26 Conscription
37:29 Blast Furnace
36:19 Town Watch
38:14 Masonry
39:07 Chemistry
40:19 Crop Rotation
39:41 Fletching
40:15 Ballistics
40:27 Bodkin Arrow
40:07 Winged Hussar
43:11 Stone Shaft Mining
44:17 Arrowslits
44:34 Scale Mail Armor
44:35 Bracer
46:14 Chain Mail Armor
45:41 Treadmill Crane
45:56 Murder Holes
46:46 Lechitic Legacy
46:03 Onager
47:35 Siege Engineers
61:45 Town Patrol
Cokacolas
10:38 Feudal Age
10:48 Loom
14:37 Castle Age
13:23 Double-Bit Axe
14:02 Loom
16:10 Bow Saw
21:19 Horse Collar
24:41 Wheelbarrow
31:15 Imperial Age
28:15 Crossbowman
29:32 Padded Archer Armor
30:38 Leather Archer Armor
29:56 Pikeman
31:07 Scale Mail Armor
33:33 Chemistry
32:21 Town Watch
33:28 Ring Archer Armor
36:02 Chain Mail Armor
37:25 Halberdier
40:31 Plate Mail Armor
40:13 Forging
41:59 Iron Casting
42:13 Arquebus
46:57 Blast Furnace
48:07 Man-at-Arms
57:20 Hand Cart
62:22 Heavy Plow
Сергей Петрович
10:05 Feudal Age
11:39 Loom
14:18 Castle Age
15:57 Double-Bit Axe
17:35 Bow Saw
20:19 Horse Collar
21:39 Wheelbarrow
21:15 Loom
21:53 Scale Barding Armor
21:58 Forging
23:36 Chain Barding Armor
23:52 Iron Casting
23:17 Gold Mining
25:58 Bloodlines
26:13 Husbandry
28:28 Iron Casting
33:05 Gold Shaft Mining
35:51 Imperial Age
35:52 Elite Steppe Lancer
38:30 Stone Mining
39:09 Heavy Camel Rider
43:18 Plate Barding Armor
46:29 Light Cavalry
48:25 Hussar
49:29 Conscription
53:00 Blast Furnace
53:19 Silk Armor
ovejaelectrica
11:03 Feudal Age
12:25 Double-Bit Axe
12:42 Horse Collar
15:15 Castle Age
13:30 Gold Mining
14:31 Stone Mining
14:33 Gold Mining
16:19 Bow Saw
16:36 Heavy Plow
17:55 Wheelbarrow
24:52 Fletching
26:18 Bodkin Arrow
29:55 Padded Archer Armor
31:10 Hand Cart
30:42 Town Watch
30:42 Loom
34:19 Imperial Age
32:14 Hand Cart
31:45 Town Watch
31:47 Loom
33:50 Ballistics
35:19 Bracer
36:22 Chemistry
35:38 Elite Mangudai
37:33 Gold Shaft Mining
36:59 Capped Ram
42:08 Siege Ram
44:45 Bloodlines
44:35 Husbandry
43:58 Heavy Camel Rider
44:43 Light Cavalry
46:48 Drill
47:21 Scale Barding Armor
47:27 Forging
49:21 Masonry
48:53 Hussar
55:31 Thumb Ring
55:51 Parthian Tactics
55:51 Conscription
57:47 Iron Casting
61:34 Fortified Wall
Reis
10:18 Feudal Age
10:03 Loom
12:51 Fletching
21:48 Castle Age
21:12 Double-Bit Axe
23:00 Forging
22:55 Scale Barding Armor
24:28 Chain Barding Armor
28:21 Bodkin Arrow
31:38 Bow Saw
38:56 Wheelbarrow
39:29 Horse Collar
40:19 Heavy Plow
43:29 Imperial Age
42:34 Iron Casting
42:00 Scale Mail Armor
42:04 Gold Mining
43:56 Chain Mail Armor
43:23 Pikeman
44:03 Squires
43:49 Gambesons
43:50 Arson
45:39 Blast Furnace
45:10 Plate Mail Armor
44:23 Halberdier
44:49 Gambesons
45:11 Bracer
49:07 Caravan
57:09 Capped Ram
58:09 Hand Cart
58:00 Siege Ram
Connection lost

Rejoining the realm…

Still unreachable

The connection could not be restored.

Session expired

The server has moved on; the page needs a fresh start.